TOP OF THE 1ST |
Omaha Storm Chasers batting - Pitching for Pawtucket Red Sox : RHP J.J. Dean
|
Pitching: RHP J.J. Dean
|
|
Batting: RHB Yuichi Takata
|
0-0: Ball 1-0: Ball 2-0: Foul Ball, location: 2F 2-1: Foul Ball, location: 2F 2-2: Foul Ball, location: 2F 2-2: Ball 3-2: Fly out, F6 (Popup, 15S, EV 95.0 MPH)
|
Batting: RHB Bob Najar
|
0-0: Called Strike 0-1: Foul Ball, location: 2F 0-2: Foul Ball, location: 2F 0-2: Ball 1-2: Strikes out swinging
|
Batting: LHB Roman Downey
|
0-0: Swinging Strike 0-1: Swinging Strike 0-2: Strikes out swinging passed ball, reaches first!
|
Batting: RHB Chris Cooper
|
0-0: Ball 1-0: Ball 2-0: Ball 3-0: Called Strike 3-1: Fly out, F8 (Flyball, 89M, EV 84.4 MPH)
|
Top of the 1st over - 0 runs, 0 hits, 0 errors, 1 left on base; Omaha 0 - Pawtucket 0 |
BOTTOM OF THE 1ST |
Pawtucket Red Sox batting - Pitching for Omaha Storm Chasers : RHP Josh Moncada
|
Pitching: RHP Josh Moncada
|
|
Batting: SHB Ben Ervin
|
0-0: Ground out 6-3 (Groundball, 6M, EV 83.8 MPH)
|
Batting: LHB Mike Mentzer
|
0-0: Fly out, F7 (Flyball, 7, EV 92.5 MPH)
|
Batting: LHB Justin Wenzel
|
0-0: DOUBLE (Flyball, 78D, EV 93.8 MPH)
|
Batting: RHB Marty King
|
0-0: Ball 1-0: Ground out 4-3 (Groundball, 4, EV 77.5 MPH)
|
Bottom of the 1st over - 0 runs, 1 hit, 0 errors, 1 left on base; Omaha 0 - Pawtucket 0 |
TOP OF THE 2ND |
Omaha Storm Chasers batting - Pitching for Pawtucket Red Sox : RHP J.J. Dean
|
Batting: RHB Mikolas Markus
|
0-0: Ball 1-0: Ball 2-0: Foul Ball, location: 2F 2-1: Fly out, F9 (Flyball, 9LS, EV 81.3 MPH)
|
Batting: RHB Eric Sandell
|
0-0: Ball 1-0: Foul Ball, location: 2F 1-1: Swinging Strike 1-2: Ball 2-2: Ground out U3 (Groundball, 3, EV 81.9 MPH)
|
Batting: RHB Joeri Plas
|
0-0: Ball 1-0: Ball 2-0: Fly out, F9 (Flyball, 9LM, EV 81.9 MPH)
|
Top of the 2nd over - 0 runs, 0 hits, 0 errors, 0 left on base; Omaha 0 - Pawtucket 0 |
BOTTOM OF THE 2ND |
Pawtucket Red Sox batting - Pitching for Omaha Storm Chasers : RHP Josh Moncada
|
Batting: RHB Ernie Genier
|
0-0: DOUBLE (Flyball, 78XD, EV 110.0 MPH)
|
Batting: RHB Nate Dickinson
|
0-0: Ground out 5-3 (Groundball, 56, EV 78.1 MPH)
|
Batting: LHB Noel Wilson
|
0-0: Ball 1-0: Ground out 5-3 (Groundball, 56D, EV 85.0 MPH)
|
Batting: RHB Mike Quackenbush
|
0-0: Called Strike 0-1: Ground out 6-3 (Groundball, 6, EV 106.9 MPH)
|
Bottom of the 2nd over - 0 runs, 1 hit, 0 errors, 1 left on base; Omaha 0 - Pawtucket 0 |
TOP OF THE 3RD |
Omaha Storm Chasers batting - Pitching for Pawtucket Red Sox : RHP J.J. Dean
|
Batting: RHB Aaron Moore
|
0-0: Ball 1-0: Fly out, F7 (Line Drive, 7S, EV 106.3 MPH)
|
Batting: LHB Chris Eaker
|
0-0: Ball 1-0: Ball 2-0: Ground out 4-3 (Groundball, 34D, EV 90.0 MPH)
|
Batting: RHB Yuichi Takata
|
0-0: Ball 1-0: Ball 2-0: Ground out 6-3 (Groundball, 6S, EV 62.5 MPH)
|
Top of the 3rd over - 0 runs, 0 hits, 0 errors, 0 left on base; Omaha 0 - Pawtucket 0 |
BOTTOM OF THE 3RD |
Pawtucket Red Sox batting - Pitching for Omaha Storm Chasers : RHP Josh Moncada
|
Batting: SHB Gus Cruz
|
0-0: Ball 1-0: Called Strike 1-1: DOUBLE (Line Drive, 9LM, EV 98.1 MPH)
|
Batting: SHB Ben Ervin
|
0-0: Ball 1-0: Called Strike 1-1: Ball 2-1: Ball 3-1: Base on Balls
|
Batting: LHB Mike Mentzer
|
0-0: Called Strike 0-1: Called Strike 0-2: Foul Ball, location: 2F 0-2: DOUBLE (Flyball, 8RD, EV 108.1 MPH) Gus Cruz scores Ben Ervin to third
|
Batting: LHB Justin Wenzel
|
0-0: Called Strike 0-1: Ball 1-1: SINGLE (Groundball, 34D, EV 103.8 MPH) Ben Ervin scores Mike Mentzer to third
|
Batting: RHB Marty King
|
0-0: Called Strike 0-1: Ball 1-1: Foul Ball, location: 2F 1-2: Fly out, F9 (Flyball, 9, EV 85.6 MPH)
|
Batting: RHB Ernie Genier
|
0-0: Called Strike 0-1: Ball 1-1: Ball 2-1: Ball 3-1: Base on Balls Justin Wenzel to second
|
Batting: RHB Nate Dickinson
|
0-0: Called Strike 0-1: Foul Ball, location: 2F 0-2: Ball 1-2: Foul Ball, location: 2F 1-2: Fly out, F7 (Flyball, 7LM, EV 83.8 MPH) Runner from 3rd tags up, SCORES, throw by LF
|
Batting: LHB Noel Wilson
|
0-0: Ball 1-0: Ball 2-0: Ball 3-0: Base on Balls Justin Wenzel to third Ernie Genier to second
|
Batting: RHB Mike Quackenbush
|
0-0: Called Strike 0-1: SINGLE (Groundball, 6D, EV 103.8 MPH) Justin Wenzel scores Ernie Genier to third Noel Wilson to second Runner from 3rd tries for Home, throw by LF and OUT! 7-2
|
Bottom of the 3rd over - 4 runs, 4 hits, 0 errors, 2 left on base; Omaha 0 - Pawtucket 4 |
TOP OF THE 4TH |
Omaha Storm Chasers batting - Pitching for Pawtucket Red Sox : RHP J.J. Dean
|
Batting: RHB Bob Najar
|
0-0: Ball 1-0: Fly out, F9 (Flyball, 89S, EV 75.6 MPH)
|
Batting: LHB Roman Downey
|
0-0: Swinging Strike 0-1: Called Strike 0-2: Ball 1-2: Ground out 4-3 (Groundball, 34D, EV 100.6 MPH)
|
Batting: RHB Chris Cooper
|
0-0: Ball 1-0: Foul Ball, location: 2F 1-1: Foul Ball, location: 2F 1-2: Ball 2-2: Ground out 4-3 (Groundball, 4, EV 105.6 MPH)
|
Top of the 4th over - 0 runs, 0 hits, 0 errors, 0 left on base; Omaha 0 - Pawtucket 4 |
BOTTOM OF THE 4TH |
Pawtucket Red Sox batting - Pitching for Omaha Storm Chasers : RHP Josh Moncada
|
Batting: SHB Gus Cruz
|
0-0: Fly out, F6 (Popup, 6, EV 74.4 MPH)
|
Batting: SHB Ben Ervin
|
0-0: Swinging Strike 0-1: Called Strike 0-2: Ball 1-2: Ball 2-2: Ball 3-2: Base on Balls
|
Batting: LHB Mike Mentzer
|
0-0: SINGLE (Groundball, 25, EV 74.4 MPH) (infield hit) Ben Ervin to second
|
Batting: LHB Justin Wenzel
|
0-0: Ball Ben Ervin steals 3rd base Mike Mentzer to second 1-0: Called Strike 1-1: Foul Ball, location: 2F 1-2: SINGLE (Groundball, 5S, EV 69.4 MPH) (infield hit) Ben Ervin scores Mike Mentzer to third
|
Pitching: RHP Gan Ts'ong
|
|
Batting: RHB Marty King
|
0-0: Ball 1-0: Fielders Choice at 2nd, 6-4 (Groundball, 56, EV 105.6 MPH) Mike Mentzer scores
|
Batting: RHB Ernie Genier
|
0-0: Foul Ball, location: 2F 0-1: Fielders Choice at 2nd, 6-4 (Groundball, 6, EV 104.4 MPH)
|
Bottom of the 4th over - 2 runs, 2 hits, 0 errors, 1 left on base; Omaha 0 - Pawtucket 6 |
TOP OF THE 5TH |
Omaha Storm Chasers batting - Pitching for Pawtucket Red Sox : RHP J.J. Dean
|
Batting: RHB Mikolas Markus
|
0-0: Ball 1-0: Foul Ball, location: 2F 1-1: Ball 2-1: Ground out 5-3 (Groundball, 56, EV 77.5 MPH)
|
Batting: RHB Eric Sandell
|
0-0: Called Strike 0-1: Ball 1-1: Ball 2-1: Ball 3-1: Base on Balls
|
Batting: RHB Joeri Plas
|
0-0: Ball 1-0: Called Strike 1-1: Ball 2-1: Grounds into double play, 6-4-3 (Groundball, 6, EV 109.4 MPH)
|
Top of the 5th over - 0 runs, 0 hits, 0 errors, 0 left on base; Omaha 0 - Pawtucket 6 |
BOTTOM OF THE 5TH |
Pawtucket Red Sox batting - Pitching for Omaha Storm Chasers : RHP Gan Ts'ong
|
Batting: RHB Nate Dickinson
|
0-0: Ball 1-0: Fly out, F8 (Flyball, 8RS, EV 78.1 MPH)
|
Batting: LHB Noel Wilson
|
0-0: Ball 1-0: Called Strike 1-1: Fly out, F8 (Flyball, 89D, EV 103.8 MPH)
|
Batting: RHB Mike Quackenbush
|
0-0: Ground out 5-3 (Groundball, 5, EV 100.0 MPH)
|
Bottom of the 5th over - 0 runs, 0 hits, 0 errors, 0 left on base; Omaha 0 - Pawtucket 6 |
TOP OF THE 6TH |
Omaha Storm Chasers batting - Pitching for Pawtucket Red Sox : RHP J.J. Dean
|
Batting: RHB Aaron Moore
|
0-0: Called Strike 0-1: Ball 1-1: Swinging Strike 1-2: Ball 2-2: Strikes out swinging
|
Batting: LHB Chris Eaker
|
0-0: Called Strike 0-1: Called Strike 0-2: Foul Ball, location: 2F 0-2: Ball 1-2: SINGLE (Flyball, 56D, EV 95.6 MPH)
|
Batting: RHB Yuichi Takata
|
Pickoff Throw to First - Out! 1-3 0-0: Called Strike 0-1: Fly out, F5 (Popup, 5, EV 73.8 MPH)
|
Top of the 6th over - 0 runs, 1 hit, 0 errors, 0 left on base; Omaha 0 - Pawtucket 6 |
BOTTOM OF THE 6TH |
Pawtucket Red Sox batting - Pitching for Omaha Storm Chasers : RHP Gan Ts'ong
|
Batting: SHB Gus Cruz
|
0-0: Fly out, F7 (Flyball, 7D, EV 95.0 MPH)
|
Batting: SHB Ben Ervin
|
0-0: Ball 1-0: Ball 2-0: Swinging Strike 2-1: Ground out U3 (Groundball, 3, EV 91.3 MPH)
|
Batting: LHB Mike Mentzer
|
0-0: Called Strike 0-1: Swinging Strike 0-2: Fly out, F7 (Flyball, 7D, EV 100.0 MPH)
|
Bottom of the 6th over - 0 runs, 0 hits, 0 errors, 0 left on base; Omaha 0 - Pawtucket 6 |
TOP OF THE 7TH |
Omaha Storm Chasers batting - Pitching for Pawtucket Red Sox : RHP J.J. Dean
|
Batting: RHB Bob Najar
|
0-0: Ball 1-0: Ground out 6-3 (Groundball, 6, EV 82.5 MPH)
|
Batting: LHB Roman Downey
|
0-0: Ball 1-0: Ball 2-0: Ball 3-0: Called Strike 3-1: Base on Balls
|
Batting: RHB Chris Cooper
|
0-0: Ball 1-0: Swinging Strike 1-1: Ball 2-1: Called Strike 2-2: Strikes out swinging
|
Batting: RHB Mikolas Markus
|
0-0: Called Strike 0-1: Ball 1-1: Swinging Strike 1-2: Ball 2-2: Foul Ball, location: 2F 2-2: Foul Ball, location: 2F 2-2: Ball 3-2: Fly out, F8 (Flyball, 8LD, EV 90.6 MPH)
|
Top of the 7th over - 0 runs, 0 hits, 0 errors, 1 left on base; Omaha 0 - Pawtucket 6 |
BOTTOM OF THE 7TH |
Pawtucket Red Sox batting - Pitching for Omaha Storm Chasers : RHP Gan Ts'ong
|
Batting: LHB Justin Wenzel
|
0-0: Ground out 6-3 (Groundball, 6, EV 110.0 MPH)
|
Batting: RHB Marty King
|
0-0: Ball 1-0: Foul Ball, location: 2F 1-1: Ball 2-1: Ground out 4-3 (Groundball, 4S, EV 80.0 MPH)
|
Batting: RHB Ernie Genier
|
0-0: Ball 1-0: Called Strike 1-1: Ball 2-1: Fly out, F8 (Flyball, 8LXD, EV 88.1 MPH)
|
Bottom of the 7th over - 0 runs, 0 hits, 0 errors, 0 left on base; Omaha 0 - Pawtucket 6 |
TOP OF THE 8TH |
Omaha Storm Chasers batting - Pitching for Pawtucket Red Sox : RHP J.J. Dean
|
Batting: RHB Eric Sandell
|
0-0: Called Strike 0-1: Foul Ball, location: 2F 0-2: Ball 1-2: Ground out 4-3 (Groundball, 4, EV 85.0 MPH)
|
Pitching: RHP Josh Weiser
|
|
Batting: RHB Joeri Plas
|
0-0: Called Strike 0-1: Ball 1-1: Foul Ball, location: 2F 1-2: Foul Ball, location: 2F 1-2: Ball 2-2: Fly out, F9 (Flyball, 9LD, EV 79.4 MPH)
|
Batting: RHB Aaron Moore
|
0-0: Swinging Strike 0-1: Called Strike 0-2: Strikes out looking
|
Top of the 8th over - 0 runs, 0 hits, 0 errors, 0 left on base; Omaha 0 - Pawtucket 6 |
BOTTOM OF THE 8TH |
Pawtucket Red Sox batting - Pitching for Omaha Storm Chasers : RHP Gan Ts'ong
|
Batting: RHB Nate Dickinson
|
0-0: Foul Ball, location: 2F 0-1: Ground out 5-3 (Groundball, 56S, EV 70.6 MPH)
|
Batting: LHB Noel Wilson
|
0-0: Called Strike 0-1: Ball 1-1: Reached on error, E3 (Groundball, 3S, EV 85.6 MPH)
|
Pitching: RHP Josh Cornishen
|
|
Batting: RHB Mike Quackenbush
|
0-0: Called Strike 0-1: Foul Ball, location: 2F 0-2: Ball 1-2: Ball 2-2: Foul Ball, location: 2F 2-2: Ball 3-2: Foul Ball, location: 2F 3-2: Foul Ball, location: 2F 3-2: Foul Ball, location: 2F 3-2: Foul Ball, location: 2F 3-2: Base on Balls Noel Wilson to second
|
Batting: SHB Gus Cruz
|
0-0: Ball 1-0: Foul Ball, location: 2F 1-1: Foul Ball, location: 2F 1-2: Strikes out swinging
|
Batting: SHB Ben Ervin
|
0-0: Called Strike 0-1: SINGLE (Groundball, 4MD, EV 95.0 MPH) Noel Wilson to third Mike Quackenbush to second Runner from 3rd tries for Home, throw by CF and OUT! 8-2
|
Bottom of the 8th over - 0 runs, 1 hit, 1 error, 2 left on base; Omaha 0 - Pawtucket 6 |
TOP OF THE 9TH |
Omaha Storm Chasers batting - Pitching for Pawtucket Red Sox : RHP Josh Weiser
|
Batting: LHB Chris Eaker
|
0-0: SINGLE (Groundball, 34D, EV 109.4 MPH)
|
Batting: RHB Yuichi Takata
|
0-0: Called Strike 0-1: SINGLE (Flyball, 9LS, EV 98.8 MPH) Chris Eaker to second
|
Pinch Hitting: LHB Bill Baconneck
|
0-0: Called Strike 0-1: Called Strike 0-2: Ball 1-2: Foul Ball, location: 2F 1-2: Strikes out swinging
|
Pitching: LHP Jon Green
|
|
Pinch Hitting: RHB Muneer Maudad
|
0-0: Foul Ball, location: 2F 0-1: Ball 1-1: Ball 2-1: Ball 3-1: Foul Ball, location: 2F 3-2: Base on Balls Chris Eaker to third Yuichi Takata to second
|
Pitching: RHP Justin Carrion
|
|
Batting: RHB Chris Cooper
|
0-0: Ball 1-0: Foul Ball, location: 2F 1-1: Ball 2-1: GRAND SLAM HOME RUN (Flyball, 7LD, EV 96.9 MPH), Distance : 369 ft
|
Pitching: RHP Billy Fitzgerald
|
|
Pinch Hitting: LHB Frank Hill
|
0-0: Ball 1-0: Ball 2-0: Called Strike 2-1: Called Strike 2-2: Ground out 4-3 (Groundball, 4, EV 88.1 MPH)
|
Batting: RHB Eric Sandell
|
0-0: Called Strike 0-1: Ball 1-1: Ball 2-1: SINGLE (Line Drive, 56D, EV 98.8 MPH)
|
Batting: RHB Joeri Plas
|
0-0: Ball 1-0: Ball 2-0: Called Strike 2-1: Ball 3-1: Foul Ball, location: 2F 3-2: Foul Ball, location: 2F 3-2: Base on Balls Eric Sandell to second
|
Pinch Runner at 2nd Pete Hansel:
|
|
Pinch Hitting: LHB Ronnie Ashley
|
0-0: Called Strike 0-1: Ball 1-1: Called Strike 1-2: Strikes out swinging
|
Top of the 9th over - 4 runs, 4 hits, 0 errors, 2 left on base; Omaha 4 - Pawtucket 6 |
|